 Dungeon Crawl Stone Soup version 0.31-a0-236-g9a0961fb85 (webtiles) character file.

Game seed: 2662240165813620733

10 qw the Shooter (level 2, -1/23 HPs)
             Began as a Minotaur Hexslinger on July 10, 2023.
             Slain by a rat (2 damage)
             ... on level 1 of the Dungeon.
             The game lasted 00:00:04 (72 turns).

qw the Shooter (Minotaur Hexslinger)                  Turns: 72, Time: 00:00:04

Health: -1/23      AC:  2    Str: 12    XL:     2   Next: 10%
Magic:  2/2        EV: 12    Int: 10    God:
Gold:   0          SH:  0    Dex: 12    Spells: 2/3 levels left

rFire   . . .        a - +1 sling
rCold   . . .        (no shield)
rNeg    . . .        c - +0 robe
rPois   .            (helmet restricted)
rElec   .            (no cloak)
rCorr   .            (no gloves)
SInv    .            (no boots)
Will    .....        (no amulet)
Stlth   +            (no ring)
HPRegen 0.23/turn    (no ring)
MPRegen 0.08/turn

%: no passive effects
@: no status effects
A: horns 2, retaliatory headbutt
a: no special abilities


You were on level 1 of the Dungeon.
You visited 1 branch of the dungeon, and saw 1 of its levels.


Innate Abilities, Weirdness & Mutations

You have a pair of horns on your head.
You reflexively headbutt those who attack you in melee.


   Skills:
 + Level 1.2 Fighting
 - Level 3.1 Ranged Weapons
 - Level 2.1 Dodging
 - Level 1.0 Spellcasting
 - Level 2.0 Hexes


You had 2 spell levels left.
You knew the following spells:

 Your Spells              Type           Power      Damage    Failure   Level
a - Slow                  Hex            16%        N/A       16%         1

Your spell library contained the following spells:

 Spells                   Type           Power      Damage    Failure   Level
 Inner Flame              Hex/Fire       2%         N/A       56%         3
 Portal Projectile        Hex/Tloc       4%         N/A       56%         3
 Cause Fear               Hex            2%         N/A       83%         4

Inventory:

Hand Weapons
 a - a +1 sling (weapon)
Armour
 c - a +0 robe (worn)
Scrolls
 b - a scroll of poison
 d - a scroll of noise {unknown}
Potions
 e - a potion of resistance {unknown}

Dungeon Overview and Level Annotations

Branches:
Dungeon (1/15)

Altars:


Message History

The jackal bites you. x2
You shoot a sling bullet.
The sling bullet hits the jackal but does no damage.
The jackal closely misses you. You furiously retaliate!
You headbutt the jackal. The jackal closely misses you.
You furiously retaliate!
You headbutt the jackal. The goblin hits you with a +0 club.
The jackal bites you but does no damage.
The jackal barely misses you. The goblin closely misses you.
You furiously retaliate!
You headbutt the goblin.
You kill the goblin!
Your Ranged Weapons skill increases to level 3!
You have reached level 2!
You shoot a sling bullet. The sling bullet misses the jackal.
The sling bullet barely misses the goblin.
The bat hits you. The jackal closely misses you. x2
You shoot a sling bullet.
The sling bullet hits the jackal but does no damage.
The jackal is heavily wounded.
The bat barely misses you. The jackal barely misses you.
You furiously retaliate!
You headbutt the jackal.
You kill the jackal!
The jackal barely misses you. The jackal closely misses you.
You shoot a sling bullet.
The sling bullet barely misses the jackal.
The bat hits you but does no damage. The jackal bites you.
The bat closely misses you. You furiously retaliate!
You headbutt the bat!
You kill the bat!
The rat bites you. The jackal bites you.
You shoot a sling bullet. The sling bullet hits the jackal.
The jackal is heavily wounded.
The jackal barely misses you. The rat bites you but does no damage.
The jackal closely misses you. The rat barely misses you.
You shoot a sling bullet.
The sling bullet closely misses the jackal.
The jackal bites you. The rat bites you.
You shoot a sling bullet.
The sling bullet hits the jackal but does no damage.
The jackal is heavily wounded.
The jackal bites you. The jackal barely misses you. The rat bites you.
You die...

.. ..### ......
#.... #....####
#.!...).#####.#
#...gr)h......#
#@..^....#
#.%.......
#......... #
#......... #
#......... ####
#.........##
#...
##.........##
#...
#...........
##...
#.........#
#.8..


You could see a jackal, a goblin and a rat.

Vanquished Creatures
  An endoplasm (D:1)
  2 goblins (D:1)
  2 jackals (D:1)
  A quokka (D:1)
  2 bats (D:1)
  A rat (D:1)
9 creatures vanquished.

Notes
Turn   | Place    | Note
-------+----------+-------------------------------------------
     0 | D:1      | qw the Minotaur Hexslinger began the quest for the Orb.
     0 | D:1      | Reached XP level 1. HP: 16/16 MP: 1/1
     0 | D:1      | 0 ||| qw: Version: 0.3-a-52-g30416fa
     0 | D:1      | 0 ||| qw: Game counter: 4595
     0 | D:1      | 0 ||| qw: Melee chars always use a shield: true
     0 | D:1      | 0 ||| qw: God list: Okawaru
     0 | D:1      | 0 ||| qw: Allow faded altars: false
     0 | D:1      | 0 ||| qw: Do Orc after clearing Dungeon:15 true
     0 | D:1      | 0 ||| qw: Do second Lair branch before Depths: true
     0 | D:1      | 0 ||| qw: Lair rune preference: random
     0 | D:1      | 0 ||| qw: Goals: Normal
     0 | D:1      | 0 ||| PLANNING D:1-11
    67 | D:1      | Reached skill level 3 in Ranged Weapons
    67 | D:1      | Reached XP level 2. HP: 9/23 MP: 2/2
    69 | D:1      | HP: 5/23 [jackal (2)]
    72 | D:1      | HP: 1/23 [jackal (3)]
    72 | D:1      | Slain by a rat

Levels and vault maps discovered:
D:1:      mrwooster_arrival_statue, layout_rooms, serial_park_tiny_2

Skill      XL: |  1 |
---------------+----+-----
Ranged Weapons | 3 |  3.1
Fighting       | |  1.2
Dodging        | |  2.1
Spellcasting   | |  1.0
Hexes          | |  2.0

Action                     || total
---------------------------++-------
   Fire: Sling             ||    25
 Armour: Robe              ||     7
  Dodge: Dodged            ||    26

Table legend:
 A = Non-vault XP
 B = Vault XP
 C = Vault XP percentage of total XP
 D = Non-vault monster count
 E = Vault monster count
 F = Vault count percentage of total count
                 A         B        C        D         E       F
            +---------+---------+-------+---------+---------+-------
      Total |      15 |       0 |   0.0 |       9 |       0 |   0.0
            +---------+---------+-------+---------+---------+-------
        D:1 |      15 |       0 |   0.0 |       9 |       0 |   0.0
            +---------+---------+-------+---------+---------+-------
